 Dungeon Crawl Stone Soup version 0.28-a0-1510-gd0f6b136d3 (webtiles) character file.

Game seed: 13286464249853298981

37 porpoise the Skirmisher (level 3, 0/29 HPs)
             Began as a Formicid Warper on Jan 16, 2022.
             Succumbed to an adder's poison
             ... on level 2 of the Dungeon.
             The game lasted 00:13:24 (1991 turns).

porpoise the Skirmisher (Formicid Warper)           Turns: 1991, Time: 00:13:24

Health: 0/29       AC:  5    Str: 16 (17) XL:     3   Next: 62%
Magic:  6/6        EV: 10    Int: 10 (12) God:
Gold:   38         SH:  0    Dex:  9 (10) Spells: 3/6 levels left

rFire   . . .      SeeInvis +   b - +3 short sword
rCold   . . .      Faith    .   (no shield)
rNeg    . . .      Spirit   .   r - +0 ring mail
rPois   .          Reflect  .   (helmet unavailable)
rElec   .          Harm     .   (no cloak)
rCorr   .          Rampage  .   (no gloves)
Will    .....                   (no boots)
Stlth   +.........              (no amulet)
HPRegen 0.09/turn               i - ring of wizardry
MPRegen 0.10/turn               (no ring)

@: lethally poisoned (0 -> -2)
A: permanent stasis, dig shafts and tunnels, antennae 3, four strong arms
a: Dig, Shaft Self


You were on level 2 of the Dungeon.
You visited 1 branch of the dungeon, and saw 2 of its levels.

You collected 38 gold pieces.

Inventory:

Hand Weapons
 b - a +3 short sword (weapon)
 l - a +0 spear
Missiles
 c - 5 boomerangs of dispersal (quivered)
 d - 48 stones
 e - 17 sling bullets
 j - 2 boomerangs
 k - 35 bolts
Armour
 r - a +0 ring mail (worn)
Magical Staves
 a - a staff of conjuration
Jewellery
 i - a ring of wizardry (left hand)
Wands
 p - a wand of acid (10)
Scrolls
 m - 2 scrolls of identify {unknown}
 n - 2 scrolls of blinking {unknown}


   Skills:
 * Level 3.2 Fighting
 - Level 2.1 Polearms
 * Level 0.4(1.3) Staves
 - Level 1.0 Throwing
 - Level 1.1 Armour
 - Level 1.7 Dodging
 - Level 2.0 Stealth
 - Level 2.1 Spellcasting
 + Level 0.5 Conjurations
 - Level 2.6 Translocations


You had 3 spell levels left.
You knew the following spells:

 Your Spells              Type           Power      Damage    Failure   Level
t - Teleport Other        Tloc           6%         N/A       24%         3

Your spell library contained the following spells:

 Spells                   Type           Power      Damage    Failure   Level
 Gell's Gravitas          Tloc           6%         N/A       24%         3
 Lesser Beckoning         Tloc           6%         N/A       24%         3
 Ensorcelled Hibernation  Hex/Ice        2%         N/A       32%         2
 Passwall                 Tmut/Erth      0%         N/A       32%         2
 Manifold Assault         Tloc           6%         N/A       89%         5
 Blink                    Tloc           Unusable   N/A       N/A         2
 Swiftness                Air            Unusable   N/A       N/A         3

Dungeon Overview and Level Annotations

Branches:
Dungeon (2/15)

Altars:


Innate Abilities, Weirdness & Mutations

You cannot be hasted, slowed, berserked, paralysed or teleported.
You can dig through walls and to a lower floor.
You have a pair of large antennae on your head. (SInv)
Your four strong arms can wield two-handed weapons with a shield.


Message History

You feel sick. The adder bites you.
* * * LOW HITPOINT WARNING * * *
You are more poisoned.
The adder poisons you! The adder barely misses you.
It was a potion of degeneration.
There was something very wrong with that liquid.
You feel weakened.
You feel dopey.
You feel clumsy.
* * * LOW HITPOINT WARNING * * *
You feel sick. The adder bites you.
* * * LOW HITPOINT WARNING * * *
It was a potion of lignification.
You turn into a tree.
Your +0 ring mail melds into your body.
Your roots penetrate the ground.
* * * LOW HITPOINT WARNING * * *
You feel sick. The adder bites you but does no damage.
It was a potion of curing.
You feel better.
The adder bites you but does no damage. x2
You hit the adder.
The adder is lightly wounded.
The adder bites you.
* * * LOW HITPOINT WARNING * * *
You are lethally poisoned!
The adder poisons you!
You miss the adder.
The adder is lightly wounded.
* * * LOW HITPOINT WARNING * * *
You feel sick. The adder bites you but does no damage.
It was a potion of cancellation.
Your magical effects are unravelling.
You feel magically purged.
You feel less wooden.
Your +0 ring mail unmelds from your body.
* * * LOW HITPOINT WARNING * * *
You feel sick. The adder barely misses you. The adder misses you.
You hit the adder.
The adder is severely wounded.
* * * LOW HITPOINT WARNING * * *
You feel sick. The adder barely misses you.
You closely miss the adder.
The adder is severely wounded.
You die...

....####
#.# ....#
#.# ...##
#.# .....
..### #.#
#.# ..# #.#
### #.#
..#######
#####..
......S@#
......#
)####.#.#
#####.# #
#.# # #.# #
#.#
#####.###.#
##.#.#
##........#
#..#.#
##.#####..#
#.##.# ...#
..# #.##.#
##.# ..#
#.##.#


You could see an adder.

Vanquished Creatures
  3 ball pythons
  7 bats
  4 endoplasms
  A giant cockroach (D:2)
  A goblin (D:1)
  6 hobgoblins
  5 kobolds
  A quokka (D:2)
  3 frilled lizards
  4 rats
35 creatures vanquished.

Vanquished Creatures (others)
  4 plants (D:1)
4 creatures vanquished.

Grand Total: 39 creatures vanquished

Notes
Turn   | Place    | Note
-------+----------+-------------------------------------------
     0 | D:1      | porpoise the Formicid Warper began the quest for the Orb.
     0 | D:1      | Reached XP level 1. HP: 16/16 MP: 3/3
    32 | D:1      | Found a faded altar of an unknown god.
   109 | D:1      | Reached skill level 1 in Stealth
   532 | D:1      | Reached XP level 2. HP: 23/23 MP: 5/5
   826 | D:1      | Reached skill level 3 in Fighting
   860 | D:1      | Reached XP level 3. HP: 29/29 MP: 6/6
   864 | D:1      | Learned a level 3 spell: Teleport Other
  1985 | D:2      | HP: 2/43 [poisoned by an adder]
  1990 | D:2      | HP: 1/29 [poisoned by an adder]
  1991 | D:2      | Succumbed to an adder's poison

Illustrated notes

Levels and vault maps discovered:
D:1:      ncdulo_smallfort, layout_basic, shapermc_ecumenical_altar_flowoftime
D:2:      layout_loops_ring, serial_rivers, chequers_serial_rivers_micro_d,
          chequers_serial_rivers_micro_d, chequers_serial_rivers_micro_a,
          chequers_serial_rivers_small_3, chequers_serial_rivers_marsh

Skill      XL: |  1  2 |
---------------+-------+-----
Stealth        | 1 2 |  2.0
Fighting       | 3 |  3.2
Polearms       | |  2.1
Staves         | |  0.4
Throwing       | |  1.0
Armour         | |  1.1
Dodging        | |  1.7
Spellcasting   | |  2.1
Conjurations   | |  0.5
Translocations | |  2.6

Action                   || total
-------------------------++-------
Melee: Spear             ||    77
       Punch             ||     4
       Staff             ||   109
       Short sword       ||     6
  Use: Potion            ||     4
Armor: Leather armour    ||     5
       Chain mail        ||    77
       Ring mail         ||    13
       Skin              ||     4
Dodge: Dodged            ||    79

Table legend: (Time is in decaauts)
 A = Elapsed time spent in this place.
 B = Non-inter-level travel time spent in this place.
 C = Inter-level travel time spent in this place.
 D = Time resting spent in this place.
 E = Time spent auto-exploring this place.
 F = Levels seen in this place.
 G = Mean time per level.
                   A        B        C        D        E       F      G
               +--------+--------+--------+--------+--------+-----+--------+
         Total |   2003 |   1993 |     10 |    679 |    855 |   2 | 1001.5 |
       Dungeon |   2003 |   1993 |     10 |    679 |    855 |   2 | 1001.5 |
               +--------+--------+--------+--------+--------+-----+--------+

Top non-repeatable levels by time:
     D:1: 1047 daAuts
     D:2: 955 daAuts
